 Dungeon Crawl Stone Soup version 0.28-a0-268-g3f656e82c2 (webtiles) character file.

Game seed: 3947572192575239394

70 theanonym the Sneak (level 4, 0/35 HPs)
             Began as a Mummy Delver on Aug 28, 2021.
             Slain by Terence (2 damage)
             ... on level 3 of the Dungeon.
             The game lasted 00:01:14 (1367 turns).

theanonym the Sneak (Mummy Delver)                  Turns: 1367, Time: 00:01:14

Health: 0/35       AC:  3    Str: 16    XL:     4   Next: 4%
Magic:  0/4        EV: 11    Int:  9    God:
Gold:   25         SH:  0    Dex: 13    Spells: 3/3 levels left

rFire   x . .      SeeInvis .   a - +0 mace
rCold   + . .      Faith    .   (no shield)
rNeg    + + +      Spirit   .   b - +0 leather armour
rPois   ∞          Reflect  .   (no helmet)
rElec   .          Harm     .   (no cloak)
rCorr   .          Rampage  .   (no gloves)
Will    .....                   (no boots)
Stlth   ++........              (no amulet)
HPRegen 0.11/turn               (no ring)
MPRegen 0.09/turn               (no ring)

@: no status effects
A: cold resistance 1, negative energy resistance 3, torment resistance 2, heat
vulnerability 1, no potions
a: no special abilities


Innate Abilities, Weirdness & Mutations

You are immune to poison.
Your flesh is cold resistant. (rC+)
You are immune to negative energy. (rN+++)
You are immune to unholy pain and torment.
You are vulnerable to heat. (rF-)
You do not drink.


   Skills:
 + Level 3.5 Fighting
 * Level 2.7 Maces & Flails
 + Level 1.2 Armour
 - Level 1.5 Dodging
 - Level 4.1 Stealth


You had 3 spell levels left.
You didn't know any spells.
Your spell library was empty.

Skill      XL: |  1  2  3 |
---------------+----------+-----
Maces & Flails | 2 |  2.7
Armour         | 1 |  1.2
Fighting       | |  3.5
Dodging        | |  1.5
Stealth        | |  4.1

Action                   |  1- 3 |  4- 6 || total
-------------------------+-------+-------++-------
Melee: Mace              |    66 |     9 ||    75
 Stab: Sleeping          |     1 |       ||     1
Armor: Leather armour    |    17 |       ||    17
Dodge: Dodged            |    44 |     3 ||    47

Inventory:

Hand Weapons
 a - a +0 mace (weapon)
Armour
 b - a +0 leather armour (worn)
Wands
 c - a wand of digging (3)
Scrolls
 d - a scroll of enchant armour {unknown}
 e - a scroll of fear
 f - a scroll of fog
 g - a scroll of blinking {unknown}
 y - a scroll of magic mapping


You were on level 3 of the Dungeon.
You visited 1 branch of the dungeon, and saw 3 of its levels.

You collected 25 gold pieces.

Dungeon Overview and Level Annotations

Branches:
Dungeon (5/15)
 Temple: D:4-7

Altars:

Annotations:
D:3 Terence
D:4 exclusion: phantom

###.########
.......>...#
..#.###.##.#
#....@.#
######@# h#
.# .. ##


You could see Terence and a jackal.

Notes
Turn   | Place    | Note
-------+----------+-------------------------------------------
     0 | D:5      | theanonym the Mummy Delver began the quest for the Orb.
     0 | D:5      | Reached XP level 1. HP: 18/18 MP: 1/1
    50 | D:4      | Noticed a hound
    59 | D:4      | HP: 9/18 [hound (4)]
    67 | D:4      | HP: 6/18 [hound (3)]
    72 | D:4      | HP: 2/18 [hound (2)]
    73 | D:4      | Killed a hound
    74 | D:4      | Reached skill level 2 in Maces & Flails
    74 | D:4      | Reached XP level 2. HP: 3/24 MP: 2/2
    74 | D:4      | Reached XP level 3. HP: 4/29 MP: 3/3
   557 | D:4      | Reached skill level 1 in Armour
   612 | D:4      | HP: 12/29 [kobold (3)]
   844 | D:4      | HP: 4/29 [mummy (16)]
  1150 | D:4      | Noticed a phantom
  1260 | D:4      | Reached XP level 4. HP: 25/35 MP: 4/4
  1356 | D:3      | Noticed Terence
  1364 | D:3      | HP: 14/35 [Terence (6)]
  1365 | D:3      | HP: 6/35 [Terence (8)]
  1366 | D:3      | HP: 2/35 [Terence (4)]
  1367 | D:3      | Slain by Terence

Vanquished Creatures
  2 hounds (D:4)
  A dart slug (D:4)
  A giant cockroach (D:4)
  A goblin (D:4)
  2 hobgoblins (D:4)
  A ball python (D:4)
  2 kobolds (D:4)
10 creatures vanquished.

Table legend: (Time is in decaauts)
 A = Elapsed time spent in this place.
 B = Non-inter-level travel time spent in this place.
 C = Inter-level travel time spent in this place.
 D = Time resting spent in this place.
 E = Time spent auto-exploring this place.
 F = Levels seen in this place.
 G = Mean time per level.
                   A        B        C        D        E       F      G
               +--------+--------+--------+--------+--------+-----+--------+
         Total |   1387 |   1384 |      3 |    893 |    269 |   3 |  462.3 |
       Dungeon |   1387 |   1384 |      3 |    893 |    269 |   3 |  462.3 |
               +--------+--------+--------+--------+--------+-----+--------+

Top non-repeatable levels by time:
     D:4: 1370 daAuts
     D:3: 12 daAuts
     D:5: 4 daAuts
